 Dungeon Crawl Stone Soup version 0.21.1-1-g345015fe64 (webtiles) character file.

626 Jens78 the Chopper (level 7, -3/61 HPs)
             Began as a Deep Dwarf Fighter on June 12, 2018.
             Slain by a scorpion (7 damage)
             ... on level 4 of the Dungeon.
             The game lasted 00:27:37 (2847 turns).

Jens78 the Chopper (Deep Dwarf Fighter)             Turns: 2847, Time: 00:27:38

Health: -3/61      AC: 10    Str: 21    XL:     7   Next: 23%
Magic:  7/7        EV:  7    Int:  9    God:
Gold:   89         SH: 10    Dex: 12    Spells: 6/6 levels left

rFire    . . .     SeeInvis .   a - +0 war axe
rCold    + . .     Gourm    .   c - +0 shield
rNeg     . . .     Faith    .   b - +0 scale mail
rPois    .         Spirit   .   H - +0 helmet
rElec    .         Reflect  .   C - +0 cloak
rCorr    .         Harm     .   r - +0 pair of gloves
MR       +....                  (no boots)
Stlth    ..........             (no amulet)
HPRegen  0.00/turn              A - ring of protection from fire
MPRegen  0.10/turn              G - ring of ice

@: non-regenerating
A: damage resistance, heal wounds, sense surroundings 1, no regeneration
a: Heal Wounds


You were on level 4 of the Dungeon.
You were not hungry.

You visited 1 branch of the dungeon, and saw 5 of its levels.

You collected 89 gold pieces.

Inventory:

Hand Weapons
 a - a +0 war axe (weapon)
 o - a +0 dagger of flaming
 t - a +2 dagger of venom
Missiles
 e - 14 sling bullets
 l - 70 stones
 x - 7 tomahawks (quivered)
 y - 14 poisoned needles
Armour
 b - a +0 scale mail (worn)
 c - a +0 shield (worn)
 r - a +0 pair of gloves (worn)
 C - a +0 cloak (worn)
 H - a +0 helmet (worn)
Jewellery
 A - a ring of protection from fire (left hand)
 G - a ring of ice (right hand)
Wands
 D - a wand of flame (26)
Scrolls
 h - 2 scrolls of remove curse
 i - a scroll of fear {unknown}
 j - 5 scrolls of identify {unknown}
 k - 5 scrolls of enchant weapon {unknown}
 n - a scroll of amnesia {unknown}
 p - a scroll of immolation {unknown}
 v - a scroll of teleportation {unknown}
 z - a scroll of noise {unknown}
 E - a scroll of blinking {unknown}
Potions
 d - a potion of might
 g - 3 potions of lignification {unknown}
 m - a potion of ambrosia {unknown}
 q - a potion of agility
 s - a potion of degeneration {unknown}
 u - a potion of mutation {unknown}
 w - a potion of experience {unknown}
 B - a potion of haste {unknown}
Comestibles
 f - 9 rations
 F - 10 chunks of flesh


   Skills:
 - Level 2.6 Fighting
 * Level 7.5 Axes
 + Level 4.4 Armour
 + Level 4.7 Shields


You had 6 spell levels left.
You didn't know any spells.

Dungeon Overview and Level Annotations

Branches:
Dungeon (5/15)
 Temple: D:4-7

Altars:
Qazlal
Trog


Innate Abilities, Weirdness & Mutations

You are resistant to damage.
You can heal yourself by infusing magical energy.
You passively map a small area around you.
You do not regenerate.


Message History

You see here an inedible chunk of flesh.
A scorpion comes into view.
You hit the scorpion.
The scorpion is moderately wounded.
You block the scorpion's attack.
You hit the scorpion.
The scorpion is heavily wounded.
The scorpion stings you but does no damage.
You hit the scorpion but do no damage.
The scorpion is heavily wounded.
The scorpion stings you.
* * * LOW HITPOINT WARNING * * *
The scorpion misses you.
You closely miss the scorpion.
The scorpion is heavily wounded.
You block the scorpion's attack.
You closely miss the scorpion.
The scorpion is heavily wounded.
The scorpion stings you!
You die...

, , , ... ,#.
#####################..#
*
........................
,
................%.......
,
################....≈≈≈.
#...≈≈≈≈≈ #...≈≈.≈≈ ,* ≈
#...≈≈≈≈≈ * ######
#@s..≈≈≈. .....#
#$....... .....#
#........ .....#
###...... * .....#
...... .....# ...... ,
.....# ...... .....# ,
..... .....# ,


You could see a scorpion.

Vanquished Creatures
  Sigmund (D:3)
  A sky beast (D:2)
  An ogre (D:4)
  A scorpion (D:4)
  An orc wizard (D:3)
  A centaur skeleton (D:4)
  A hound skeleton (D:4)
  8 adders
  A river rat (D:4)
  An ooze (D:3)
  An adder skeleton (D:4)
  2 dart slugs
  4 leopard geckos
  11 orcs (D:3)
  6 bats
  14 giant cockroaches
  8 goblins
  2 hobgoblins (D:3)
  8 kobolds
  A ball python (D:4)
  6 frilled lizards
  8 rats
88 creatures vanquished.

Notes
Turn   | Place    | Note
-------+----------+-------------------------------------------
     0 | D:1      | Jens78 the Deep Dwarf Fighter began the quest for the Orb.
     0 | D:1      | Reached XP level 1. HP: 20/20 MP: 1/1
   118 | D:1      | Reached XP level 2. HP: 24/27 MP: 2/2
   266 | D:1      | Reached skill level 3 in Axes
   653 | D:2      | Reached XP level 3. HP: 22/33 MP: 3/3
  1294 | D:2      | Reached skill level 4 in Axes
  1294 | D:2      | Reached XP level 4. HP: 12/40 MP: 4/4
  1542 | D:3      | Noticed Sigmund
  1655 | D:4      | Found a bloodstained altar of Trog.
  1886 | D:3      | Noticed a sky beast
  1952 | D:2      | HP: 2/40 [something (3)]
  1960 | D:2      | Killed a sky beast
  1960 | D:2      | Reached skill level 5 in Axes
  1960 | D:2      | Reached XP level 5. HP: 25/46 MP: 5/5
  2086 | D:3      | Found a stormy altar of Qazlal.
  2138 | D:3      | Killed Sigmund
  2138 | D:3      | Reached skill level 6 in Axes
  2138 | D:3      | Reached XP level 6. HP: 16/55 MP: 6/6
  2739 | D:4      | Reached skill level 7 in Axes
  2739 | D:4      | Reached XP level 7. HP: 12/61 MP: 7/7
  2765 | D:5      | Entered Level 5 of the Dungeon
  2847 | D:4      | Slain by a scorpion

Skill      XL: |  1  2  3  4  5  6 |
---------------+-------------------+-----
Axes           | 3 4 5 6 7 |  7.5
Shields        | 4 |  4.7
Armour         | 4 |  4.4
Fighting       | |  2.6

Action                   |  1- 3 |  4- 6 |  7- 9 || total
-------------------------+-------+-------+-------++-------
Melee: War axe           |   125 |   146 |    27 ||   298
       Whip              |    25 |       |       ||    25
 Abil: Heal Wounds       |       |     1 |       ||     1
  Use: Scroll            |     2 |       |       ||     2
  Eat: Chunk             |     2 |     4 |     1 ||     7
Armor: Scale mail        |    71 |    79 |     2 ||   152
Dodge: Dodged            |    44 |    41 |     6 ||    91
Block: Shield            |    91 |    69 |    12 ||   172
